 Dungeon Crawl Stone Soup version 0.31-a0-182-gc5ef74bbde (webtiles) character file.

Game seed: 8467857880215642085

19414758 bakla the Shapeless Ogre (level 27, 381/484 HPs)
             Began as an Ogre Hedge Wizard on June 17, 2023.
             Was an Elder of Wu Jian.
             Escaped with the Orb
             ... and 15 runes on June 20, 2023!
             The game lasted 04:20:40 (78260 turns).

bakla the Shapeless Ogre (Ogre Hedge Wizard)       Turns: 78260, Time: 04:20:40

Health: 381/484    AC: 16    Str: 33    XL:     27
Magic:  41/42      EV: 11    Int: 39    God:    Wu Jian [****..]
Gold:   6664       SH:  5    Dex:  6    Spells: 6/56 levels left

rFire   + +          +
                       - Unarmed
rCold   + + .        (shield currently unavailable)
rNeg    + + .        V - melded +4 troll leather armour
rPois   +            e - melded +2 hat {SInv}
rElec   .            w - melded +0 cloak of Niofraih {rF+ rN++ Regen+ Str-4}
rCorr   .            (gloves unavailable)
SInv    .            (boots unavailable)
Will    +++..        l - amulet "Qism" {Reflect +Blink rPois rC++ SH+5 Stlth+}
Stlth   +            n - ring of Compassion {rN+ Will+ Int+6 Dex+3 Stlth+}
HPRegen 1.00/turn    P - ring "Bobozi" {rF+ rC+ rN+ Int+6 Dex-4}
MPRegen 0.28/turn

%: random rage (3%), reflection
@: mildly poisoned (381 -> 380), dragon-form, flying, slowed, very slow
A: dragon claw, dragon scales, breathe fire, flying, boosted hp, giant,
unfitting armour, (tough skin 1), (claws 1), berserk 1, clever 1
0: Orb of Zot
}: 15/15 runes: barnacled, slimy, silver, golden, iron, obsidian, icy, bone,
abyssal, demonic, glowing, magical, fiery, dark, gossamer
a: Breathe Fire, End Transformation, Renounce Religion, Evoke Blink, Wall Jump,
Serpent's Lash


You escaped.
You worshipped Wu Jian.
Wu Jian was greatly pleased with you.
You were a fearsome dragon!
You visited 17 branches of the dungeon, and saw 85 of its levels.
You visited Pandemonium 1 time, and saw 18 of its levels.
You visited the Abyss 1 time.
You visited 1 bazaar.
You also visited: Desolation.

You collected 18163 gold pieces.
You spent 2628 gold pieces at shops.
You paid 8871 gold pieces to Gozag.

Inventory:

Missiles
 k - 4 throwing nets
 u - 15 curare-tipped darts
Armour
 e - a +2 hat of see invisible (melded)
 w - the +0 cloak of Niofraih (melded) {rF+ rN++ Regen+ Str-4}
   (You bought it in a shop on level 2 of the Orcish Mines)

   Str:       It affects your strength (-4).
   rF:        It protects you from fire.
   rN:        It greatly protects you from negative energy.
   Regen:     It increases your rate of health regeneration.
 V - a +4 troll leather armour (melded)
Jewellery
 h - a ring of resist corrosion
 l - the amulet "Qism" (around neck) {Reflect +Blink rPois rC++ SH+5 Stlth+}
   (You found it in the Desolation of Salt)

   [amulet of reflection]

   It reflects blocked missile attacks.
   rC:        It greatly protects you from cold.
   rPois:     It protects you from poison.
   +Blink:    It lets you blink.
   SH:        It affects your SH (+5).
   Stlth:     It makes you more stealthy.
 n - the ring of Compassion (left foreclaw) {rN+ Will+ Int+6 Dex+3 Stlth+}
   (You found it in the Desolation of Salt)

   [ring of intelligence]

   Int:       It affects your intelligence (+6).
   Dex:       It affects your dexterity (+3).
   rN:        It protects you from negative energy.
   Will:      It increases your willpower.
   Stlth:     It makes you more stealthy.
 s - a ring of wizardry
 P - the ring "Bobozi" (right foreclaw) {rF+ rC+ rN+ Int+6 Dex-4}
   (You bought it in a shop on level 1 of the Spider Nest)

   [ring of intelligence]

   Int:       It affects your intelligence (+6).
   Dex:       It affects your dexterity (-4).
   rF:        It protects you from fire.
   rC:        It protects you from cold.
   rN:        It protects you from negative energy.
 Y - a ring of see invisible
Wands
 b - a wand of iceblast (28)
 p - a wand of digging (5)
 Q - a wand of acid (27)
Scrolls
 a - a scroll of brand weapon
 f - 8 scrolls of amnesia
 i - a scroll of summoning
 j - 7 scrolls of fear
 q - 2 scrolls of enchant armour
 t - 31 scrolls of identify
 v - a scroll of teleportation
 y - a scroll of silence
 C - 8 scrolls of noise
 F - a scroll of blinking
 M - 9 scrolls of enchant weapon
 N - 5 scrolls of fog
 T - 10 scrolls of immolation
Potions
 d - a potion of magic
 g - 6 potions of attraction
 m - 7 potions of lignification
 o - 11 potions of brilliance
 r - a potion of heal wounds
 x - 4 potions of might
 z - 2 potions of resistance
 K - 5 potions of enlightenment
 O - 3 potions of invisibility
 R - 6 potions of curing
 S - 2 potions of cancellation
 X - 3 potions of mutation
 Z - 3 potions of berserk rage
Miscellaneous
 c - a figurine of a ziggurat
 A - a sack of spiders
 E - a phial of floods
 G - a lightning rod (4/4)
 H - a phantom mirror


   Skills:
 O Level 27 Fighting
 + Level 18.4 Armour
 + Level 18.9 Dodging
 - Level 1.4 Stealth
 O Level 27 Unarmed Combat
 - Level 15.0 Spellcasting
 - Level 0.8 Conjurations
 - Level 4.1 Summonings
 - Level 13.0 Necromancy
 - Level 0.8 Translocations
 O Level 27 Transmutations
 - Level 6.9 Earth Magic
 - Level 10.0 Evocations


You had 6 spell levels left.
You knew the following spells:

 Your Spells              Type           Power      Damage    Failure   Level
a - Magic Dart            Conj           100%       1d8       1%          1
b - Call Imp              Summ           100%       N/A       1%          2
c - Call Canine Familiar  Summ           57%        N/A       1%          3
d - Summon Guardian Gole  Hex/Summ       45%        N/A       1%          3
e - Blink                 Tloc           70%        N/A       1%          2
f - Mephitic Cloud        Conj/Pois/Air  31%        N/A       3%          3
g - Statue Form           Tmut/Erth      69%        N/A       1%          6
h - Lee's Rapid Deconstr  Erth           35%        3d18*     1%          5
i - Dragon Form           Tmut           63%        N/A       0%          7
j - Irradiate             Conj/Tmut      47%        3d27      1%          5
k - Necromutation         Tmut/Necr      55%        N/A       1%          8
l - Yara's Violent Unrav  Hex/Tmut       47%        3d18      1%          5

Your spell library contained the following spells:

 Spells                   Type           Power      Damage    Failure   Level
 Necrotise                Necr           100%       1d9       0%          1
 Passwall                 Tmut/Erth      86%        N/A       0%          2
 Sublimation of Blood     Necr           92%        N/A       0%          2
 Spider Form              Tmut/Pois      94%        N/A       0%          3
 Vampiric Draining        Necr           92%        2d12      0%          3
 Petrify                  Tmut/Erth      100%       N/A       0%          4
 Blade Hands              Tmut           63%        N/A       0%          5
 Apportation              Tloc           70%        N/A       1%          1
 Foxfire                  Conj/Fire      100%       2x1d9     1%          1
 Freeze                   Ice            100%       1d10      1%          1
 Sandblast                Erth           100%       2d20      1%          1
 Slow                     Hex            100%       N/A       1%          1
 Summon Small Mammal      Summ           100%       N/A       1%          1
 Cigotuvi's Dreadful Rot  Necr/Pois/Air  100%       N/A       1%          2
 Ensorcelled Hibernation  Hex/Ice        58%        N/A       1%          2
 Lesser Beckoning         Tloc           70%        N/A       1%          2
 Momentum Strike          Conj/Tloc      70%        3d9       1%          2
 Poisonous Vapours        Pois/Air       58%        N/A       1%          2
 Scorch                   Fire           58%        2d7       1%          2
 Ignite Poison            Fire/Tmut/Pois 78%        N/A       1%          3
 Stone Arrow              Conj/Erth      100%       3d13      1%          3
 Anguish                  Hex/Necr       34%        N/A       1%          4
 Animate Armour           Summ/Erth      100%       N/A       1%          4
 Animate Dead             Necr           92%        N/A       1%          4
 Ice Form                 Ice/Tmut       94%        N/A       1%          4
 Agony                    Necr           92%        N/A       1%          5
 Alistair's Intoxication  Tmut/Pois      62%        N/A       1%          5
 Borgnjor's Vile Clutch   Necr/Erth      41%        N/A       1%          5
 Death Channel            Necr           46%        N/A       1%          6
 Eringya's Noxious Bog    Tmut/Pois      47%        N/A       1%          6
 Dazzling Flash           Conj/Hex       64%        N/A       2%          3
 Gell's Gravitas          Tloc           35%        N/A       2%          3
 Hailstorm                Conj/Ice       32%        3d8       2%          3
 Portal Projectile        Hex/Tloc       64%        N/A       2%          3
 Teleport Other           Tloc           35%        N/A       2%          3
 Vhi's Electric Charge    Tloc/Air       64%        N/A       2%          3
 Volatile Blastmotes      Fire/Tloc      64%        2d15      2%          3
 Leda's Liquefaction      Hex/Erth       27%        N/A       2%          4
 Confusing Touch          Hex            29%        N/A       3%          3
 Frozen Ramparts          Ice            58%        1d9       3%          3
 Inner Flame              Hex/Fire       29%        N/A       3%          3
 Ozocubu's Armour         Ice            29%        N/A       3%          3
 Swiftness                Air            29%        N/A       3%          3
 Tukima's Dance           Hex            29%        N/A       3%          3
 Summon Ice Beast         Ice/Summ       45%        N/A       4%          4
 Summon Lightning Spire   Summ/Air       45%        N/A       4%          4
 Iskenderun's Mystic Bla  Conj/Tloc      35%        2d8       8%          4
 Passage of Golubria      Tloc           35%        N/A       8%          4
 Fulminant Prism          Conj/Hex       16%        3d10      10%         4
 Cause Fear               Hex            14%        N/A       11%         4
 Olgreb's Toxic Radiance  Pois           29%        N/A       11%         4
 Summon Forest            Summ/Tloc      24%        N/A       12%         5
 Simulacrum               Ice/Necr       34%        N/A       12%         6
 Summon Mana Viper        Hex/Summ       45%        N/A       14%         5
 Arcjolt                  Conj/Air       16%        1d26      26%         5
 Freezing Cloud           Conj/Ice/Air   15%        6-21      28%         5
 Metabolic Englaciation   Hex/Ice        14%        N/A       30%         5
 Silence                  Hex/Air        14%        N/A       30%         5
 Summon Cactus Giant      Summ           28%        N/A       32%         6
 Leda's Unmaking          Conj/Erth      28%        9d5       34%         6
 Dispersal                Tloc           17%        N/A       77%         6
 Conjure Ball Lightning   Conj/Air       16%        3x3d6     82%         6
 Starburst                Conj/Fire      16%        6d6       82%         6
 Plasma Beam              Fire/Air       14%        2x1d25    86%         6
 Borgnjor's Revivificati  Necr           46%        N/A       34%         8
 Summon Hydra             Summ           28%        N/A       87%         7
 Death's Door             Necr           46%        N/A       99%         9
 Enfeeble                 Hex            14%        N/A       100%        7
 Ozocubu's Refrigeration  Ice            14%        4d10      100%        7
 Ignition                 Fire           14%        3d6       100%        8
 Lehudib's Crystal Spear  Conj/Erth      28%        10d7      100%        8
 Polar Vortex             Ice            14%        N/A       100%        9


Dungeon Overview and Level Annotations

Branches:
Dungeon (15/15)            Temple (1/1) D:5            Lair (5/5) D:10
 Shoals (4/4) Lair:2       Spider (4/4) Lair:2        Slime (5/5) Lair:4
    Orc (2/2) D:11            Elf (0/3) Orc:2        Vaults (5/5) D:14
  Crypt (3/3) Vaults:3       Tomb (3/3) Crypt:3      Depths (4/4) D:15
   Hell (visited)             Dis (7/7) Hell            Geh (7/7) Hell
    Coc (7/7) Hell            Tar (7/7) Hell            Zot (5/5) Depths:4
Desolation (visited)

Altars:
Ashenzari
Cheibriados
Dithmenos
Elyvilon
Fedhas
Gozag
Hepliaklqana
Kikubaaqudgha
Makhleb
Nemelex Xobeh
Okawaru
Qazlal
Ru
Sif Muna
Trog
Uskayaw
Vehumet
Wu Jian
Xom
Yredelemnul
Zin
The Shining One
Jiyva
Lugonu

Shops:
D:4 (   Orc:2 (*[:   Lair:2 :[*?   Spider:1 *   Vaults:1 ==   Vaults:2 ?
Vaults:4 :   Vaults:5 [   Depths:1 (

Portals:
Hell: Depths:1 Depths:2 Depths:3
Pandemonium: Depths:2

Annotations:
D:11 exclusion: orange crystal statue
Shoals:4 3 runed translucent doors, exclusion: obsidian statue, Roxanne; dolemite99's ghost, adept DjCj
Depths:3 3 runed translucent doors, Drazool's ghost, veteran TeHu
Dis:3 36 runed doors
Zot:5 exclusion: 2 upstairs


Innate Abilities, Weirdness & Mutations

You are a fearsome dragon!
You have a powerful clawing attack.
Your giant scaled body is strong and resiliant, but less evasive.
You can breathe fire.
You are flying.
Your maximum health is greatly increased.
Your armour is entirely melded.
You are incapable of wielding weapons or throwing items.
You are too large for most types of armour.
((You have tough skin. (AC +1)))
((You have sharp fingernails.))
You sometimes lose your temper in combat.
Your mind is acute. (Int +4, Str/Dex -1)


Message History

Unknown command.
Really fly into that cloud of foul pestilence?
Really fly into a travel-excluded area?
You are engulfed in dark miasma.
You feel yourself slow down.
You are engulfed in dark miasma.
You feel as though you will be slow longer.
You are engulfed in dark miasma.
You are poisoned.
You feel very sick.
Aiming: Dig
Press: ? - help, Shift-Dir - straight line Some shallow water.
This square is covered in magical glow.
There is a cloud of foul pestilence here.
The rock shatters into small pieces.
You are engulfed in dark miasma.
You feel very sick.
The Orb Guardian is engulfed in dark miasma.
The Orb Guardian looks even sicker.
The Orb Guardian seems to slow down.
The Orb Guardian is engulfed in dark miasma.
The Orb Guardian looks even sicker.
The Orb Guardian seems to slow down.
Unknown command.
The Orb Guardian attacks as you move away!
The Orb Guardian barely misses you.
You are engulfed in dark miasma.
You feel very sick.
The Orb Guardian is engulfed in dark miasma.
The Orb Guardian looks as sick as possible!
The Orb Guardian attacks as you move away!
You block the Orb Guardian's attack.
You feel sick.
The Orb Guardian is no longer moving slowly.
The Orb Guardian is engulfed in dark miasma.
The Orb Guardian looks as sick as possible!
The Orb Guardian is engulfed in dark miasma.
The Orb Guardian looks as sick as possible!
The Orb Guardian hits you!
You feel sick. The Orb Guardian hits you!!
The hellephant blinks!
There is a staircase leading out of the dungeon, spattered with blood here.
Unknown command.
Unknown command.
You feel sick. You block the Orb Guardian's attack. The Orb Guardian hits you!!
You have escaped!

### #.............##......#
..## ####................#.#
#..#####..######.######....##
##...##..##○~○~#'#~~~~##....#
####....##○☼~○~#.#~~§○~#.#..#
####..#°°#~~#.#☼○#°~#.#..##
#...☼☼°~°~..#°☼○°°#.....#
#.#.#§☼~°~X..~○~○○#.....#
#.#.#☼☼○○°#D#~°☼☼○#.....#
###.#☼°§°°#.#~~○○§#.....#
#.#~°#§○#.# ~#~~#.....#
#.#~~☼☼~#.#~~~~~#.....#
#.#~°☼°☼#.#~~~~~#.....##
#.##°°~~#+#~~~ ##......##
#..######.######........#
##.......>............###
######################


You could see an Orb Guardian (extremely poisoned).

Vanquished Creatures
  Cerebov (Pan)
  Antaeus (Coc:7)
  Asmodeus (Geh:7)
  the Royal Jelly (Slime:5)
  Ereshkigal (Tar:7)
  Dissolution (Slime:4)
  Gloorx Vloq (Pan)
  Lom Lobon (Pan)
  Mnoleg (Pan)
  Dispater (Dis:7)
  4 pandemonium lords (Pan)
  3 orbs of fire
  6 ancient liches
  2 dread liches
  Mennas (Pan)
  2 juggernauts (Dis:7)
  25 shard shrikes
  5 Killer Klowns (Zot:5)
  17 royal mummies
  A curse toe (Zot:2)
  12 caustic shrikes
  5 golden dragons
  the Enchantress (Depths:2)
  Geryon (Hell)
  6 bone dragons
  A spectral shard shrike (Tar:7)
  6 profane servitors
  2 electric golems (Zot:5)
  11 Tzitzimimeh
  17 hellephants
  12 Brimstone Fiends
  20 Ice Fiends
  3 doom hounds
  11 iron giants
  9 tainted leviathans
  8 tentacled monstrosities
  A walking earthen tome (Depths:2)
  A shard shrike skeleton (Hell)
  19 titans
  18 Hell Sentinels
  Zenata (Crypt:1)
  6 liches
  22 searing wretches
  Asterion (Depths:1)
  A walking divine tome (Depths:1)
  21 Orb Guardians
  19 Executioners
  3 quicksilver dragons
  26 ancient champions
  8 sphinxes
  28 acid blobs
  7 tentacled starspawn
  The ghost of mdonais the Warrior, an adept DjAE of Hepliaklqana (Spider:4)
  3 death cobs
  5 tengu reavers
  8 storm dragons
  An eldritch tentacle (Pan)
  9 shadow dragons
  2 revenants
  12 azure jellies
  A draconian knight (Zot:5)
  20 fire giants
  6 demonspawn warmongers (Pan)
  5 narguns
  14 frost giants
  14 rockslimes
  43 balrugs
  2 draconian scorchers
  5 emperor scorpions
  11 vault wardens
  5 iron dragons
  A spectral caustic shrike (Tar:2)
  8 quicksilver elementals
  13 shard shrike simulacra
  2 draconian shifters
  3 imperial myrmidons (Desolation)
  3 juggernaut zombies
  5 ghost moths
  A caustic shrike zombie (Tomb:3)
  7 cacodemons (Pan)
  6 draconian annihilators
  22 quicksilver oozes
  5 demonspawn corrupters (Pan)
  5 curse skulls
  12 ironbound preservers
  5 ghouls (Crypt:2)
  2 broodmothers (Spider:2)
  14 very ugly things
  A draconian stormcaller (Depths:4)
  5 spriggan defenders
  An orc warlord (Orc:2)
  12 reapers
  3 demonspawn blood saints (Pan)
  13 formless jellyfish
  2 ironbound thunderhulks (Vaults:4)
  13 stone giants
  30 war gargoyles
  5 vampire knights
  6 putrid mouths
  2 black draconians
  2 deep elf annihilators (Pan)
  8 demonspawn black suns (Pan)
  4 red draconians
  3 green draconians
  33 elemental wellsprings
  8 bennus
  3 dire elephants (Vaults:4)
  5 spark wasps
  4 lorocyprocas (Pan)
  2 halazid warlocks (Desolation)
  A bunyip (Abyss:4)
  5 purple draconians
  8 wendigos
  A yellow draconian (Zot:5)
  8 eidola
  3 merfolk javelineers
  2 white draconians (Zot:5)
  10 iron golems
  77 slime creatures
  A spectral quicksilver dragon (Tar:2)
  2 crystal guardians
  7 deep elf death magi
  9 merfolk impalers
  24 mummy priests
  A spectral iron giant (Tar:3)
  4 ettins
  5 blizzard demons (Pan)
  7 yaktaur captains
  A spectral golden dragon (Tar:2)
  5 fire dragons
  2 ragged hierophants (Desolation)
  7 green deaths (Pan)
  6 jiangshi
  A quicksilver dragon zombie (Hell)
  8 entropy weavers
  4 rakshasas
  A deep elf high priest (Vaults:5)
  7 caustic shrike simulacra
  13 salamander tyrants
  31 vault guards
  8 great orbs of eyes
  2 hydras
  3 servants of whispers (Desolation)
  8 ice dragons
  6 jorogumos
  5 peacekeepers
  3 juggernaut simulacra
  A bennu zombie (Crypt:1)
  An ogre mage (D:15)
  3 hell beasts
  3 satyrs
  An alligator snapping turtle (Shoals:4)
  4 spriggan air magi
  3 spriggan skeletons
  8 ironbound frosthearts
  14 centaur warriors
  4 boulder beetles
  48 hell hogs
  A merfolk avatar (Shoals:4)
  2 spectral stone giants (Tar:2)
  2 death knights (Crypt:2)
  5 stokers
  A catoblepas (Lair:3)
  2 radroaches (Spider:4)
  2 fenstrider witch skeletons
  6 two-headed ogres
  3 merfolk aquamancers
  5 deep troll earth magi
  31 death scarabs
  2 titan zombies
  2 deep troll shamans
  4 vampire magi
  A tengu warrior (D:14)
  2 death yaks (Lair:5)
  15 thrashing horrors
  12 dancing weapons (Dis:7)
  3 shock serpents (Pan)
  An orc high priest (Orc:1)
  7 spriggan berserkers
  15 demonic crawlers
  7 hell knights (Vaults:5)
  68 sun demons
  5 skysharks
  26 soul eaters
  2 storm dragon zombies (Crypt:3)
  A titan skeleton (Crypt:3)
  11 iron trolls
  20 shadow wraiths
  A storm dragon skeleton (Crypt:2)
  10 sixfirhies
  39 skeletal warriors
  6 pharaoh ants
  5 sun moths
  17 crystal echidnas
  A spatial maelstrom (Abyss:4)
  5 quicksilver dragon simulacra
  5 glowing orange brains
  7 wretched stars
  37 deep trolls
  4 sea snakes
  13 wizards
  19 orb spiders
  2 anaconda zombies (Crypt:3)
  4 shadow demons (Pan)
  7 spriggan simulacra
  3 flayed ghosts
  A tengu zombie (Crypt:3)
  18 harpies
  4 lindwurms
  18 ironbound convokers
  5 orc knights
  A mana viper (shapeshifter) (Depths:2)
  14 phantasmal warriors
  5 steelbarb worms
  A deep elf pyromancer (D:10)
  A fenstrider witch simulacrum (Hell)
  A shadow dragon zombie (Tomb:1)
  17 necromancers
  4 stone giant zombies
  A tengu skeleton (Crypt:2)
  An iron dragon zombie (Hell)
  12 manticores
  A shadow dragon skeleton (Vaults:2)
  19 wolf spiders
  A frost giant zombie (Crypt:2)
  4 anaconda skeletons
  9 cyclopes
  A sphinx zombie (Hell)
  2 orc sorcerers (Orc:2)
  A worldbinder (Abyss:4)
  39 ugly things
  29 large abominations
  7 moths of wrath
  7 merfolk sirens
  2 stone giant skeletons
  2 fire giant zombies
  7 elephants
  2 salamanders
  3 fauns
  Maurice (D:13)
  8 rust devils
  2 dire elephant zombies
  A torpor snail (Spider:2)
  3 water nymphs
  7 black mambas
  2 gargoyles (D:12)
  8 guardian serpents
  22 smoke demons
  3 naga zombies
  13 vault sentinels
  4 cane toads
  12 molten gargoyles
  3 centaur skeletons
  4 naga skeletons
  4 spriggan zombies
  5 titan simulacra
  A dire elephant skeleton (Crypt:2)
  33 hellions
  An alligator snapping turtle zombie (Tomb:3)
  10 orange demons
  7 efreet
  2 yellow draconian zombies (Crypt:2)
  3 apocalypse crabs
  2 storm dragon simulacra (Hell)
  5 unseen horrors
  18 yaktaurs
  3 rime drakes
  12 freezing wraiths
  4 komodo dragons
  3 bunyip simulacra
  3 ice devils
  14 tormentors
  6 anaconda simulacra
  A spectral naga (Tar:3)
  26 merfolk
  3 harpy zombies
  2 spectral harpies
  27 guardian mummies
  A troll (shapeshifter) (Depths:2)
  2 alligator snapping turtle skeletons (Crypt:2)
  30 hellwings
  4 iron giant simulacra
  10 ancient zymes
  2 hydra zombies
  3 red devils (Pan)
  2 shadow dragon simulacra
  6 polar bears (Lair:5)
  3 trolls
  2 wind drakes
  A hornet (shapeshifter) (D:14)
  Prince Ribbit (D:5)
  5 blink frogs
  6 raiju
  2 harpy skeletons
  36 saltlings (Desolation)
  17 tarantellas
  A tarantella (shapeshifter) (Vaults:5)
  8 dream sheep
  A hydra skeleton (Crypt:2)
  10 hornets
  3 iron dragon simulacra
  8 snapping turtles
  2 stone giant simulacra
  A slime creature (shapeshifter) (D:15)
  25 flying skulls
  26 jumping spiders
  28 culicivoras
  28 ushabtiu
  7 spriggans
  A merfolk skeleton (Pan)
  3 naga simulacra
  13 wraiths
  6 dire elephant simulacra
  A centaur simulacrum (D:13)
  An ice dragon skeleton (Crypt:2)
  5 water elementals
  18 ynoxinuls
  2 wyverns
  16 humans (D:14)
  3 fire bats (Pan)
  17 starcursed masses
  8 chaos spawn
  A basilisk (Lair:5)
  20 neqoxecs
  13 yaks
  17 golden eyes
  52 redbacks
  3 steam dragons
  6 vampire mosquitoes
  6 wargs
  A spatial vortex (Abyss:4)
  11 harpy simulacra
  12 water moccasins
  6 hydra simulacra
  16 hell hounds
  An acid dragon (D:10)
  A deep troll skeleton (Crypt:2)
  2 human skeletons
  9 small abominations
  A water nymph skeleton (Crypt:1)
  2 ice beasts
  A glowing shapeshifter skeleton (Crypt:1)
  5 black bears (Lair:5)
  An ice dragon simulacrum (Coc:3)
  15 orc warriors
  A swamp dragon skeleton (Crypt:2)
  9 wolves
  2 ogres (D:15)
  8 centaurs
  4 kobold brigands
  A human zombie (Vaults:2)
  A gnoll sergeant (Orc:1)
  A fire crab zombie (Crypt:1)
  A draconian zombie (Crypt:2)
  13 bullfrogs
  A scorpion (shapeshifter) (Vaults:5)
  5 wyvern skeletons (Crypt:3)
  A polar bear zombie (Crypt:2)
  3 wights
  A swamp dragon simulacrum (Coc:2)
  3 killer bees (D:10)
  A yak skeleton (Crypt:1)
  A raiju skeleton (Crypt:1)
  A howler monkey (D:12)
  4 electric eels
  A quasit (Abyss:4)
  An iron imp (Abyss:4)
  A bullfrog zombie (Crypt:2)
  8 orc priests
  A gnoll bouda (Orc:1)
  2 sleepcaps
  2 iguanas
  A scorpion zombie (Crypt:1)
  17 orc wizards
  39 mummies
  5 gnolls (Orc:1)
  6 adders
  5 white imps
  2 ufetubi (Abyss:2)
  3 worms
  3 dart slugs
  30 orcs
  8 bats
  A bat skeleton (Crypt:2)
  3 endoplasms
  5 giant cockroaches
  15 goblins
  7 hobgoblins
  3 jackals
  5 kobolds
  3 quokkas
  9 ball pythons
  4 frilled lizards
  A frilled lizard skeleton (Crypt:2)
  A kobold zombie (Crypt:2)
  3 rats
  5 creeping infernos
  24 fire vortices
  5 lurking horrors
  3 spectral weapons (Depths:1)
  A starspawn tentacle (Abyss:2)
3064 creatures vanquished.

Vanquished Creatures (collateral kills)
  Ignacio (Pan)
  Ilsuiw (Shoals:3)
  A hydra (Lair:5)
  A skyshark (Lair:4)
  2 lindwurms (Lair:5)
  2 elephants (Lair:4)
  2 black mambas
  Maggie (D:9)
  2 cane toads (Lair:4)
  2 komodo dragons
  3 rime drakes
  6 dream sheep
  4 blink frogs
  3 yaks
  3 basilisks
  A redback (Lair:2)
  5 wargs
  A hell hound (Lair:5)
  Duvessa (D:6)
  2 water moccasins
  An ice beast (D:7)
  5 black bears
  2 orc warriors
  A sky beast (D:6)
  5 wolves
  An ogre (Orc:2)
  2 centaurs
  2 phantoms
  4 bullfrogs
  3 scorpions
  A wight (D:9)
  Dowan (D:6)
  2 howler monkeys
  An orc priest (Orc:2)
  A hound (D:4)
  A jelly (D:7)
  Terence (D:3)
  4 sleepcaps
  Ijyb (D:3)
  2 orc wizards
  A mummy (D:6)
  Robin (D:2)
  12 gnolls
  2 adders (D:6)
  A shadow imp (D:6)
  A white imp (D:3)
  An ufetubus (D:4)
  3 worms (D:3)
  A dart slug (D:3)
  30 orcs
  3 ball pythons
  2 endoplasms (D:3)
  6 goblins
  3 hobgoblins (D:3)
  3 jackals (D:3)
  2 quokkas (D:3)
  A bat (D:3)
  A frilled lizard (D:3)
  15 kobolds
  3 rats (D:3)
177 creatures vanquished.

Vanquished Creatures (others)
  Gastronok (D:8)
  An orc warlord (Orc:2)
  A formless jellyfish (Slime:1)
  A broodmother (shapeshifter) (Vaults:5)
  A demonspawn blood saint (Pan)
  2 hydras (Lair:5)
  A stoker (Geh:6)
  2 two-headed ogres
  Erica (Lair:1)
  6 death yaks (Lair:5)
  An orc high priest (Orc:2)
  A pharaoh ant (Spider:4)
  A quicksilver dragon simulacrum (Coc:7)
  A spriggan simulacrum (Coc:7)
  3 orc knights
  4 cyclopes
  An ugly thing (D:11)
  A manticore (D:14)
  12 elephants
  A titan simulacrum (Coc:7)
  3 cane toads
  2 rime drakes (Lair:5)
  3 komodo dragons
  4 trolls
  5 polar bears
  3 blink frogs
  A dire elephant simulacrum (Coc:7)
  18 yaks
  A basilisk (Lair:5)
  A fire bat (Pan)
  2 steam dragons (D:7)
  A harpy simulacrum (Coc:6)
  4 wargs
  2 water moccasins
  An ice beast (D:7)
  4 black bears (Lair:5)
  9 orc warriors
  3 ogres
  3 centaurs (D:11)
  3 wolves
  A bullfrog (Lair:4)
  2 kobold brigands
  11 wights
  12 killer bees
  A jelly (D:6)
  6 orc priests
  A gnoll bouda (D:10)
  5 orc wizards
  3 gnolls
  7 orcs
  2 kobolds (D:8)
  7 creeping infernos
  2 fire vortices
  9 starspawn tentacles
185 creatures vanquished.

Grand Total: 3426 creatures vanquished

Notes
Turn   | Place    | Note
-------+----------+-------------------------------------------
     0 | D:1      | bakla the Ogre Hedge Wizard began the quest for the Orb.
     0 | D:1      | Reached XP level 1. HP: 16/16 MP: 5/5
    99 | D:1      | Reached skill level 1 in Unarmed Combat
   177 | D:1      | Reached XP level 2. HP: 22/24 MP: 0/6
   736 | D:1      | Reached XP level 3. HP: 31/31 MP: 8/8
  1242 | D:2      | Found a faded altar of an unknown god.
  1378 | D:2      | Learned a level 2 spell: Call Imp
  1423 | D:2      | Reached skill level 1 in Summonings
  1479 | D:2      | Reached XP level 4. HP: 39/39 MP: 9/9
  2197 | D:2      | Noticed Robin
  2243 | D:2      | Killed Robin
  2415 | D:3      | Reached XP level 5. HP: 5/45 MP: 11/11
  2465 | D:3      | Learned a level 3 spell: Call Canine Familiar
  2691 | D:3      | Noticed Ijyb
  2776 | D:3      | Killed Ijyb
  2920 | D:3      | Noticed Terence
  2936 | D:3      | Killed Terence
  3012 | D:3      | Found a glowing drain.
  3033 | D:3      | Reached skill level 5 in Spellcasting
  3129 | D:3      | Noticed a phantom
  3150 | D:3      | Killed a phantom
  3151 | D:3      | Reached XP level 6. HP: 49/53 MP: 14/14
  3558 | D:3      | Learned a level 3 spell: Summon Guardian Golem
  3661 | D:4      | Learned a level 2 spell: Blink
  4078 | D:4      | Reached XP level 7. HP: 58/59 MP: 16/16
  4099 | D:4      | Upgraded the game from 0.31-a0-175-g9f7f995f2b to
                  | 0.31-a0-177-g4aa6249778
  4101 | D:4      | Found an iron altar of Okawaru.
  4516 | D:4      | Found Usidon's Weapon Shoppe.
  4721 | D:5      | Entered Level 5 of the Dungeon
  4734 | D:5      | Reached skill level 1 in Fighting
  5076 | D:5      | Found a shimmering blue altar of Sif Muna.
  5171 | D:5      | You fall into a shaft and drop 1 floor!
  5425 | D:6      | Reached XP level 8. HP: 30/78 MP: 11/18
  6094 | D:6      | Found a snail-covered altar of Cheibriados.
  6172 | D:6      | Noticed Dowan
  6178 | D:6      | Reached skill level 5 in Fighting
  6179 | D:6      | Noticed Duvessa
  6205 | D:6      | Killed Duvessa
  6257 | D:6      | Reached skill level 5 in Unarmed Combat
  6470 | D:6      | Killed Dowan
  6546 | D:6      | Reached XP level 9. HP: 89/89 MP: 17/21
  6572 | D:6      | Learned a level 3 spell: Mephitic Cloud
  6821 | D:6      | Found a sparkling altar of Nemelex Xobeh.
  8077 | D:7      | Found a glowing golden altar of the Shining One.
  8882 | D:5      | Found a staircase to the Ecumenical Temple.
  8885 | D:5      | Noticed Prince Ribbit
  8922 | D:5      | Killed Prince Ribbit
  8923 | D:5      | Reached XP level 10. HP: 100/107 MP: 12/23
  8925 | Temple   | Entered the Ecumenical Temple
  8999 | Temple   | Became a worshipper of Gozag Ym Sagoz the Greedy
 10508 | D:8      | Found a hazy altar of Hepliaklqana.
 10845 | D:8      | Reached skill level 10 in Spellcasting
 11099 | D:8      | Reached skill level 10 in Fighting
 11248 | D:8      | Noticed Gastronok
 11284 | D:8      | Killed Gastronok
 12064 | D:9      | Reached XP level 11. HP: 106/123 MP: 19/25
 12529 | D:9      | Noticed Maggie
 12564 | D:9      | Killed Maggie
 12714 | D:9      | Got the Incunable of the Tundra
 13201 | D:10     | Entered Level 10 of the Dungeon
 13375 | D:10     | Noticed a deep elf pyromancer
 13375 | D:10     | Noticed a cyclops
 13415 | D:10     | Killed a cyclops
 13422 | D:10     | Noticed a cyclops
 13429 | D:10     | Killed a deep elf pyromancer
 13443 | D:10     | Killed a cyclops
 13458 | D:10     | Noticed a cyclops
 13691 | D:10     | Killed a cyclops
 13692 | D:10     | Reached skill level 10 in Unarmed Combat
 13857 | D:10     | Found the +9 sword of Power {lifebolt}
 14877 | D:10     | Found a staircase to the Lair.
 14959 | D:10     | Found a hide-covered altar of Uskayaw.
 15275 | D:11     | Noticed an orange crystal statue
 15275 | D:11     | Noticed a cyan ugly thing
 15275 | D:11     | Found a staircase to the Orcish Mines.
 15321 | Lair:1   | Entered Level 1 of the Lair of Beasts
 15462 | Lair:1   | Reached skill level 1 in Transmutations
 15495 | Lair:1   | Reached XP level 12. HP: 91/140 MP: 26/26
 15956 | Lair:1   | Noticed a boulder beetle
 15970 | Lair:1   | Killed a boulder beetle
 16040 | Lair:1   | Gained mutation: You possess an exceptional clarity of
                  | mind. [potion of mutation]
 16040 | Lair:1   | Gained mutation: You are agile. (Dex +4, Str/Int -1)
                  | [potion of mutation]
 16040 | Lair:1   | Lost mutation: You possess an exceptional clarity of mind.
                  | [potion of mutation]
 16040 | Lair:1   | Gained mutation: You are very agile. (Dex +8, Str/Int -2)
                  | [potion of mutation]
 16147 | Lair:1   | You fall into a shaft and drop 1 floor!
 16727 | Lair:1   | Noticed Erica
 16767 | Lair:1   | Killed Erica
 17283 | Lair:1   | Reached skill level 15 in Fighting
 18164 | Lair:2   | Found a staircase to the Shoals.
 19163 | Lair:2   | Found a hole to the Spider Nest.
 20592 | Lair:3   | Reached XP level 13. HP: 30/152 MP: 24/28
 21093 | Lair:3   | Reached skill level 5 in Transmutations
 21815 | Lair:3   | Found a runed translucent door.
 21956 | Lair:3   | Identified the +4 flail of Excruciating Pain {freeze, rElec
                  | rC+ Str-4}
 22425 | Lair:4   | Found a staircase to the Slime Pits.
 23122 | Lair:4   | Learned a level 6 spell: Statue Form
 23835 | Lair:5   | Entered Level 5 of the Lair of Beasts
 24103 | Lair:5   | Reached skill level 1 in Earth Magic
 24140 | Lair:5   | Reached XP level 14. HP: 103/163 MP: 4/30
 25742 | Lair:5   | Noticed a dire elephant
 27531 | Lair:5   | Identified the +8 morningstar of Gozag's Brutal Revenge
                  | {drain, rElec Will+ rCorr Stlth+}
 28242 | Lair:5   | Reached skill level 5 in Earth Magic
 30784 | Orc:1    | Entered Level 1 of the Orcish Mines
 31161 | Orc:1    | Reached XP level 15. HP: 120/171 MP: 21/33
 31452 | Orc:2    | Entered Level 2 of the Orcish Mines
 31773 | Orc:2    | Noticed an orc warlord
 31796 | Orc:2    | Killed an orc warlord
 31832 | Orc:2    | Noticed an orc warlord
 32910 | Orc:2    | Killed an orc warlord
 33787 | Orc:2    | Found Iparejel's Antique Weapon Shoppe.
 33834 | Orc:2    | Found a staircase to the Elven Halls.
 34217 | Orc:2    | Found Yposi's Antique Armour Shoppe.
 34223 | Orc:2    | Bought a transparent cloak for 218 gold pieces
 34223 | Orc:2    | Identified the +0 cloak of Niofraih {rF+ rN++ Regen+ Str-4}
                  | (You bought it in a shop on level 2 of the Orcish Mines)
 34242 | Orc:2    | Found Guirohu's Book Shoppe.
 34249 | Orc:2    | Bought a book of Weapons for 336 gold pieces
 34326 | Orc:2    | Found Eciwacar's General Store.
 34332 | Orc:2    | Bought 2 potions of invisibility for 192 gold pieces
 35349 | D:12     | Learned a level 5 spell: Lee's Rapid Deconstruction
 35416 | D:12     | Reached skill level 15 in Spellcasting
 35563 | D:12     | Reached skill level 10 in Transmutations
 35924 | D:13     | Noticed Sonja
 35927 | D:13     | Sonja changed into Sonja the cane toad
 35927 | D:13     | Noticed Sonja
 35928 | D:13     | Killed Sonja the cane toad
 36448 | D:13     | Noticed Maurice
 36456 | D:13     | Killed Maurice
 36674 | D:14     | Found a gate to the Vaults.
 37339 | D:15     | Entered Level 15 of the Dungeon
 37355 | D:15     | Found a flickering gateway to a bazaar.
 37373 | Bazaar   | Entered a bazaar
 37386 | Bazaar   | Found Imixuss's Book Shoppe.
 37390 | Bazaar   | Found Oreran's Assorted Antiques.
 37394 | Bazaar   | Bought a book of Transfigurations for 520 gold pieces
 37398 | Bazaar   | Found Guaq Xana's Jewellery Shoppe.
 37405 | Bazaar   | Found Legizok's Jewellery Boutique.
 37411 | Bazaar   | Found Rerghorch's Antique Weapon Shoppe.
 37428 | Bazaar   | Learned a level 7 spell: Dragon Form
 37434 | Bazaar   | Learned a level 5 spell: Irradiate
 37437 | Bazaar   | Bought the amulet "Gyno Tipt" {Spirit Int+2} for 288 gold
                  | pieces
 37487 | D:15     | Reached XP level 16. HP: 180/180 MP: 16/35
 37692 | D:15     | Found a broken altar of Ashenzari.
 37845 | D:15     | Found a staircase to the Depths.
 37851 | D:15     | Gained mutation: Your spells are a little easier to cast,
                  | but a little less powerful. [mutagenic glow]
 38880 | Shoals:1 | Entered Level 1 of the Shoals
 39772 | Shoals:2 | Got the Tractate on Weathered Arcane Weapons
 40353 | Shoals:2 | Identified the +9 war axe of Resourcefulness {heavy, MP+9
                  | Dex+5}
 40497 | Shoals:3 | Reached skill level 15 in Unarmed Combat
 40931 | Shoals:3 | Noticed Ilsuiw
 40982 | Shoals:3 | Killed Ilsuiw
 41003 | Shoals:4 | Entered Level 4 of the Shoals
 41322 | Shoals:4 | Reached XP level 17. HP: 99/185 MP: 12/36
 41787 | Shoals:4 | Got the Reference Book on Enchantment and Ozone
 41883 | Shoals:4 | Noticed Roxanne
 42025 | Shoals:4 | Identified the +12 quarterstaff "Xoefubos" {drain, rPois
                  | Int+2 Dex-2}
 42333 | Shoals:4 | Identified the ring of Coiffor {Int+6 Dex+5}
 42410 | Shoals:4 | Found a runed translucent gate.
 42410 | Shoals:4 | Found a runed translucent gate.
 42410 | Shoals:4 | Found a runed translucent gate.
 42412 | Shoals:4 | Found an opulent altar of Gozag.
 42416 | Shoals:4 | Noticed dolemite99's ghost (adept DjCj)
 42835 | Shoals:4 | Got a barnacled rune of Zot
 43001 | Lair:2   | Bought a scroll of blinking for 127 gold pieces
 43001 | Lair:2   | Bought a scroll of blinking for 127 gold pieces
 43008 | Spider:1 | Entered Level 1 of the Spider Nest
 43522 | Spider:1 | Reached skill level 15 in Transmutations
 44084 | Spider:1 | Bought a glittering tin ring for 145 gold pieces
 44084 | Spider:1 | Identified the ring "Bobozi" {rF+ rC+ rN+ Int+6 Dex-4} (You
                  | bought it in a shop on level 1 of the Spider Nest)
 44814 | Spider:2 | Reached XP level 18. HP: 198/198 MP: 30/37
 45025 | Spider:4 | Entered Level 4 of the Spider Nest
 45259 | Spider:4 | Found a runed translucent door.
 45265 | Spider:4 | Noticed mdonais's ghost (adept DjAE)
 45526 | Spider:4 | Killed mdonais's ghost
 45537 | Spider:4 | Identified the ring of Egalitarianism {Wiz rC+}
 46647 | Spider:4 | Identified the +0 pair of boots of Wisdom {rF+ Slay+6}
 46779 | Spider:4 | Got a gossamer rune of Zot
 47078 | Vaults:1 | Entered Level 1 of the Vaults
 47683 | Vaults:1 | Reached XP level 19. HP: 206/206 MP: 30/38
 48154 | Vaults:1 | Found Xeka's Jewellery Shop.
 48693 | Vaults:1 | Got Sif Muna's Discourse on Angles
 49444 | Temple   | Fell from the grace of Gozag
 49444 | Temple   | Became a worshipper of the Wu Jian Council
 49898 | Vaults:2 | Found a crumbling gateway.
 49906 | Desolati | Entered the Desolation of Salt
 49939 | Desolati | Reached * piety under Wu Jian
 50189 | Desolati | Got the Teachings on Places
 50200 | Desolati | Identified the +6 whip "Ultimatum" {flame, rElec}
 50208 | Desolati | Identified the amulet "Qism" {Reflect +Blink rPois rC++
                  | SH+5 Stlth+}
 50338 | Desolati | Got the Omnibus of the Mortuary
 50340 | Desolati | Got the Folio of Nasty Oxidation
 50358 | Desolati | Reached ** piety under Wu Jian
 50431 | Desolati | Got Sif Muna's Textbook on Heat and the Icicle
 50432 | Desolati | Identified the ring of Compassion {rN+ Will+ Int+6 Dex+3
                  | Stlth+}
 50440 | Desolati | Identified the +0 robe of Aruaxkape {Will+}
 50447 | Desolati | Got the Incunabulum of Arson and Flesh
 50448 | Desolati | Identified the staff "Panion" {rN+ rCorr Str+3 Int-4 Necro}
 50832 | Vaults:2 | Found Osiruz's Magic Scroll Shop.
 50838 | Vaults:2 | Bought a scroll of enchant armour for 135 gold pieces
 51065 | Vaults:2 | Learned a level 8 spell: Necromutation
 51185 | Vaults:2 | Reached skill level 1 in Necromancy
 51326 | Vaults:2 | Reached *** piety under Wu Jian
 52012 | Vaults:2 | Reached XP level 20. HP: 211/211 MP: 32/39
 52388 | Vaults:3 | Reached **** piety under Wu Jian
 52815 | Vaults:3 | Reached skill level 5 in Necromancy
 53032 | Vaults:3 | Found a staircase to the Crypt.
 53032 | Vaults:3 | Found a basalt altar of Yredelemnul.
 53032 | Vaults:3 | Found an ancient bone altar of Kikubaaqudgha.
 53040 | Crypt:1  | Entered Level 1 of the Crypt
 53262 | Crypt:1  | Reached ***** piety under Wu Jian
 53706 | Crypt:1  | Noticed Zenata
 53709 | Crypt:1  | Killed Zenata
 55087 | Crypt:2  | Was forgiven by Gozag
 55087 | Crypt:2  | Reached XP level 21. HP: 223/223 MP: 40/40
 55258 | Crypt:2  | Reached ****** piety under Wu Jian
 55750 | Vaults:4 | Paralysed by a formless jellyfish for 1 turns
 56054 | Vaults:4 | Found Emagar's Book Boutique.
 56063 | Vaults:4 | Bought Great Wizards, Vol. VII for 540 gold pieces
 56069 | Vaults:4 | Learned a level 5 spell: Yara's Violent Unravelling
 56104 | Vaults:5 | Entered Level 5 of the Vaults
 56104 | Vaults:5 | Noticed a dread lich
 56111 | Vaults:5 | Killed a dread lich
 56137 | Vaults:5 | Reached skill level 10 in Necromancy
 56201 | Vaults:5 | Noticed an ancient lich
 56206 | Vaults:5 | Killed an ancient lich
 56230 | Vaults:5 | Noticed an ancient lich
 56232 | Vaults:5 | Killed an ancient lich
 56232 | Vaults:5 | Reached XP level 22. HP: 179/234 MP: 37/41
 56250 | Vaults:5 | Found Piloc's Armour Shoppe.
 56674 | Vaults:5 | Identified the staff "Kuces" {rC+ rN+ Dex+3 Necro Earth}
 56799 | Vaults:5 | Got a silver rune of Zot
 56811 | Vaults:5 | Identified the +6 arbalest "Ohog" {antimagic, rElec rC+ rN+
                  | rCorr}
 57186 | Slime:1  | Entered Level 1 of the Pits of Slime
 57368 | Slime:4  | Noticed Dissolution
 57370 | Slime:4  | Killed Dissolution
 57403 | Slime:5  | Entered Level 5 of the Pits of Slime
 57445 | Slime:5  | Found a viscous altar of Jiyva.
 57445 | Slime:5  | Noticed the Royal Jelly
 57802 | Slime:5  | Killed the Royal Jelly
 57820 | Slime:5  | HP: 16/373 [azure jelly (20)]
 58062 | Slime:5  | Got the Volume of Breezy Terrain
 58123 | Slime:5  | Got a slimy rune of Zot
 58196 | Slime:1  | Paralysed by a formless jellyfish for 1 turns
 58200 | Slime:1  | Reached XP level 23. HP: 260/260 MP: 2/42
 58629 | Depths:1 | Entered Level 1 of the Depths
 58773 | Depths:1 | Found Neti's Antique Weapon Emporium.
 58808 | Depths:1 | Found a shimmering altar of Xom.
 58951 | Depths:1 | Noticed Asterion
 58958 | Depths:1 | Killed Asterion
 59156 | Depths:1 | Found a gateway to Hell.
 59195 | Depths:1 | Identified a scroll of acquirement
 59202 | Depths:1 | Acquired 1109 gold pieces
 59504 | Depths:2 | Noticed the Enchantress
 59516 | Depths:2 | Killed the Enchantress
 59524 | Depths:2 | Noticed a caustic shrike
 59526 | Depths:2 | Noticed a caustic shrike
 59526 | Depths:2 | Noticed a caustic shrike
 59526 | Depths:2 | Noticed a caustic shrike
 59526 | Depths:2 | Killed a caustic shrike
 59528 | Depths:2 | Killed a caustic shrike
 59529 | Depths:2 | Killed a caustic shrike
 59532 | Depths:2 | Killed a caustic shrike
 60333 | Depths:2 | Identified the amulet "Feschy" {Spirit Int+4}
 60732 | Depths:2 | Found a one-way gate leading to the halls of Pandemonium.
 61025 | Pan      | Entered Pandemonium
 61025 | Pan      | Noticed Ignacio
 61032 | Pan      | Killed Ignacio
 61064 | Pan      | Noticed Xossutsy the pandemonium lord
 61066 | Pan      | Noticed Awnomi the pandemonium lord
 61072 | Pan      | Killed Xossutsy the pandemonium lord
 61073 | Pan      | Reached XP level 24. HP: 228/289 MP: 42/42
 61910 | Pan      | Killed Awnomi the pandemonium lord
 61918 | Pan      | Got a demonic rune of Zot
 62097 | Pan      | Found an exit through the horrors of the Abyss.
 62264 | Pan      | Identified the +0 ring mail of the Viny Shrike {Contam
                  | Regen+ Str+2 Int+5}
 62864 | Pan      | Found a transporter.
 63416 | Pan      | Noticed Pivacok the pandemonium lord
 63509 | Pan      | Entered the realm of Cerebov.
 63512 | Pan      | Found the +6 sword of Cerebov {flame}
 63512 | Pan      | Noticed Cerebov
 63735 | Pan      | Identified the ring "Muxesesiwk" {rN+ rCorr Str+2 Int+4
                  | Dex-3}
 63860 | Pan      | Killed Cerebov
 63861 | Pan      | Reached XP level 25. HP: 301/301 MP: 24/42
 63876 | Pan      | Got a fiery rune of Zot
 63928 | Pan      | Identified the +1 pair of gloves of Peuf {rElec rPois}
 63949 | Pan      | Identified the +11 long sword "Wafucago" {heavy, *Noise
                  | rPois Str+3}
 63980 | Pan      | Identified the +1 spear of the Onslaught {heavy, rPois}
 63983 | Pan      | Identified the +0 plate armour "Qelemnug" {Dex+3}
 63990 | Pan      | Identified the +0 flail "Hellblazer" {speed, *Rage Str+3
                  | Dex+3}
 64080 | Pan      | Entered the realm of Gloorx Vloq.
 64509 | Pan      | Noticed Gloorx Vloq
 64519 | Pan      | Killed Gloorx Vloq
 64536 | Pan      | Got a dark rune of Zot
 64796 | Pan      | Found an exit through the horrors of the Abyss.
 64845 | Pan      | Noticed Gyxza the pandemonium lord
 64849 | Pan      | Killed Gyxza the pandemonium lord
 64860 | Pan      | Noticed Qainwow the pandemonium lord
 64861 | Pan      | Killed Qainwow the pandemonium lord
 64866 | Pan      | Entered the realm of Mnoleg.
 64868 | Pan      | Gained mutation: You are frail. (-10% HP) [a neqoxec]
 64915 | Pan      | Noticed Mnoleg
 64916 | Pan      | Killed Mnoleg
 64964 | Pan      | Got a glowing rune of Zot
 65026 | Pan      | Noticed Mennas
 65034 | Pan      | Killed Mennas
 65093 | Pan      | Reached XP level 26. HP: 241/280 MP: 40/42
 65459 | Pan      | Found an exit through the horrors of the Abyss.
 65638 | Pan      | Identified the +1 hand axe of the Insatiable Bones {freeze,
                  | rF+ Str-5 Int+2}
 65688 | Pan      | Found an exit through the horrors of the Abyss.
 65987 | Pan      | Entered the realm of Lom Lobon.
 66394 | Pan      | Noticed Lom Lobon
 66403 | Pan      | Killed Lom Lobon
 66418 | Pan      | Got a magical rune of Zot
 66588 | Pan      | Found an exit through the horrors of the Abyss.
 66598 | Pan      | Took an exit into the Abyss.
 66598 | Abyss:1  | Escaped into the Abyss
 66609 | Abyss:1  | Found a corrupted altar of Lugonu.
 66799 | Abyss:2  | Reached skill level 1 in Armour
 67158 | Abyss:2  | Noticed a dread lich
 67166 | Abyss:2  | Killed a dread lich
 67181 | Abyss:2  | Upgraded the game from 0.31-a0-177-g4aa6249778 to
                  | 0.31-a0-180-g519b7de00c
 67268 | Abyss:4  | Found a corrupted altar of Lugonu.
 67274 | Abyss:4  | Found a corrupted altar of Lugonu.
 67304 | Abyss:4  | Found a bloodstained altar of Trog.
 67319 | Abyss:4  | Reached skill level 5 in Dodging
 67480 | Abyss:4  | Reached skill level 5 in Armour
 67520 | Abyss:4  | Noticed an ancient lich
 67522 | Abyss:4  | Reached XP level 27. HP: 149/288 MP: 23/42
 67526 | Abyss:4  | Killed an ancient lich
 67551 | Abyss:4  | Got an abyssal rune of Zot
 67571 | Depths:2 | Escaped the Abyss
 67576 | Depths:2 | Lost mutation: You are frail. (-10% HP) [potion of
                  | mutation]
 67576 | Depths:2 | Lost mutation: Your spells are a little easier to cast, but
                  | a little less powerful. [potion of mutation]
 67576 | Depths:2 | Gained mutation: You are weak. (Str -2) [potion of
                  | mutation]
 67577 | Depths:2 | Lost mutation: You are weak. (Str -2) [potion of mutation]
 67577 | Depths:2 | Lost mutation: You are very agile. (Dex +8, Str/Int -2)
                  | [potion of mutation]
 67577 | Depths:2 | Gained mutation: You are partially covered in iridescent
                  | scales. (AC +2) [potion of mutation]
 67577 | Depths:2 | Lost mutation: You are agile. (Dex +4, Str/Int -1) [potion
                  | of mutation]
 67577 | Depths:2 | Gained mutation: You occasionally lose the ability to drink
                  | potions when taking damage. [potion of mutation]
 67578 | Depths:2 | Lost mutation: You are partially covered in iridescent
                  | scales. (AC +2) [potion of mutation]
 67578 | Depths:2 | Lost mutation: You occasionally lose the ability to drink
                  | potions when taking damage. [potion of mutation]
 67578 | Depths:2 | Gained mutation: You have sharp fingernails. [potion of
                  | mutation]
 67578 | Depths:2 | Gained mutation: Your mind is acute. (Int +4, Str/Dex -1)
                  | [potion of mutation]
 67666 | Hell     | Entered the Vestibule of Hell
 67666 | Hell     | Noticed Geryon
 67683 | Hell     | Killed Geryon
 67766 | Hell     | Found a gateway to the ashen valley of Gehenna.
 67775 | Geh:1    | Entered Level 1 of Gehenna
 67855 | Geh:2    | Found a corrupted altar of Lugonu.
 68015 | Geh:5    | Reached skill level 10 in Dodging
 68072 | Geh:6    | Reached skill level 10 in Armour
 68212 | Geh:7    | Entered Level 7 of Gehenna
 68954 | Geh:7    | Found the +13 sceptre of Asmodeus
 68954 | Geh:7    | Noticed Asmodeus
 68962 | Geh:7    | Killed Asmodeus
 68975 | Geh:7    | Got an obsidian rune of Zot
 69122 | Hell     | Found a gateway to the freezing wastes of Cocytus.
 69141 | Coc:1    | Entered Level 1 of Cocytus
 69350 | Coc:3    | Noticed an ancient lich
 69353 | Coc:3    | Killed an ancient lich
 69854 | Coc:6    | Paralysed by a wendigo for 1 turns
 69868 | Coc:6    | Reached skill level 15 in Dodging
 69942 | Coc:7    | Entered Level 7 of Cocytus
 70050 | Coc:7    | Paralysed by a wendigo for 1 turns
 70054 | Coc:7    | Paralysed by a wendigo for 1 turns
 70104 | Coc:7    | Reached skill level 15 in Armour
 70499 | Coc:7    | Noticed Antaeus
 70506 | Coc:7    | Killed Antaeus
 70514 | Coc:7    | Got an icy rune of Zot
 70523 | Coc:7    | Identified the staff "Devakis" {rElec rCorr Int+4 Air}
 70525 | Coc:7    | Identified the +6 dagger of the Wolf {freeze, rC+ rCorr
                  | Str-5}
 70722 | Hell     | Found a gateway to the decaying netherworld of Tartarus.
 70740 | Tar:1    | Entered Level 1 of Tartarus
 71078 | Tar:7    | Entered Level 7 of Tartarus
 71568 | Tar:7    | Noticed Ereshkigal
 71580 | Tar:7    | Killed Ereshkigal
 71592 | Tar:7    | Got a bone rune of Zot
 71970 | Hell     | Found a gateway to the Iron City of Dis.
 71981 | Dis:1    | Entered Level 1 of the Iron City of Dis
 71981 | Dis:1    | You are sucked into a shaft and drop 1 floor!
 72041 | Dis:3    | Found a huge runed gate.
 72041 | Dis:3    | Found a huge runed gate.
 72041 | Dis:3    | Found a huge runed gate.
 72041 | Dis:3    | Found a huge runed gate.
 72041 | Dis:3    | Found a huge runed gate.
 72041 | Dis:3    | Found a huge runed gate.
 72044 | Dis:3    | Found a huge runed gate.
 72044 | Dis:3    | Found a huge runed gate.
 72044 | Dis:3    | Found a huge runed gate.
 72044 | Dis:3    | Found a huge runed gate.
 72044 | Dis:3    | Found a huge runed gate.
 72044 | Dis:3    | Found a huge runed gate.
 72044 | Dis:3    | Found a huge runed gate.
 72044 | Dis:3    | Found a huge runed gate.
 72044 | Dis:3    | Found a huge runed gate.
 72044 | Dis:3    | Found a huge runed gate.
 72059 | Dis:3    | Found a huge runed gate.
 72059 | Dis:3    | Found a huge runed gate.
 72059 | Dis:3    | Found a huge runed gate.
 72059 | Dis:3    | Found a huge runed gate.
 72059 | Dis:3    | Found a huge runed gate.
 72059 | Dis:3    | Found a huge runed gate.
 72060 | Dis:3    | Found a huge runed gate.
 72061 | Dis:3    | Found a huge runed gate.
 72062 | Dis:3    | Found a huge runed gate.
 72080 | Dis:3    | Found a huge runed gate.
 72081 | Dis:3    | Found a huge runed gate.
 72085 | Dis:3    | Found a huge runed gate.
 72085 | Dis:3    | Found a huge runed gate.
 72295 | Dis:3    | Found a huge runed gate.
 72295 | Dis:3    | Found a huge runed gate.
 72295 | Dis:3    | Found a huge runed gate.
 72295 | Dis:3    | Found a huge runed gate.
 72295 | Dis:3    | Found a huge runed gate.
 72295 | Dis:3    | Found a huge runed gate.
 72295 | Dis:3    | Found a huge runed gate.
 73304 | Dis:7    | Entered Level 7 of the Iron City of Dis
 73915 | Dis:7    | Noticed Dispater
 73922 | Dis:7    | Noticed a juggernaut
 73925 | Dis:7    | Killed a juggernaut
 73931 | Dis:7    | Killed Dispater
 73947 | Dis:7    | Got an iron rune of Zot
 74010 | Dis:7    | Noticed a juggernaut
 74012 | Dis:7    | Killed a juggernaut
 74017 | Dis:7    | Reached skill level 27 in Transmutations
 74054 | Dis:7    | Reached skill level 27 in Fighting
 74055 | Dis:7    | Reached skill level 27 in Unarmed Combat
 74156 | Dis:7    | Reached skill level 1 in Evocations
 74522 | Crypt:3  | Entered Level 3 of the Crypt
 74567 | Crypt:3  | Acquired 818 gold pieces
 74582 | Crypt:3  | Upgraded the game from 0.31-a0-180-g519b7de00c to
                  | 0.31-a0-182-gc5ef74bbde
 74707 | Crypt:3  | Found an ancient bone altar of Kikubaaqudgha.
 74789 | Crypt:3  | Noticed an ancient lich
 74795 | Crypt:3  | Killed an ancient lich
 74801 | Crypt:3  | Identified the staff "Juil" {rN+ Dex+4 Necro}
 74969 | Crypt:3  | Found a staircase to the Tomb.
 74969 | Crypt:3  | Noticed a royal mummy
 74973 | Crypt:3  | Killed a royal mummy
 75053 | Tomb:1   | Entered Level 1 of the Tomb of the Ancients
 75071 | Tomb:1   | Reached skill level 5 in Evocations
 75192 | Tomb:1   | Noticed a royal mummy
 75342 | Tomb:1   | Killed a royal mummy
 75379 | Tomb:1   | Noticed a royal mummy
 75385 | Tomb:1   | Killed a royal mummy
 75405 | Tomb:1   | Noticed a royal mummy
 75449 | Tomb:1   | Killed a royal mummy
 76049 | Tomb:2   | Noticed a royal mummy
 76051 | Tomb:2   | Noticed a royal mummy
 76052 | Tomb:2   | Noticed a royal mummy
 76052 | Tomb:2   | Killed a royal mummy
 76052 | Tomb:2   | Killed a royal mummy
 76057 | Tomb:2   | Noticed a royal mummy
 76058 | Tomb:2   | Noticed a royal mummy
 76060 | Tomb:2   | Killed a royal mummy
 76061 | Tomb:2   | Killed a royal mummy
 76071 | Tomb:2   | Killed a royal mummy
 76171 | Tomb:3   | Entered Level 3 of the Tomb of the Ancients
 76180 | Tomb:3   | Noticed a royal mummy
 76180 | Tomb:3   | Noticed a royal mummy
 76190 | Tomb:3   | Noticed a royal mummy
 76191 | Tomb:3   | Noticed a royal mummy
 76197 | Tomb:3   | Killed a royal mummy
 76198 | Tomb:3   | Killed a royal mummy
 76218 | Tomb:3   | Got a golden rune of Zot
 76240 | Tomb:3   | Noticed a royal mummy
 76241 | Tomb:3   | Killed a royal mummy
 76247 | Tomb:3   | Noticed a royal mummy
 76266 | Tomb:3   | Noticed a royal mummy
 76269 | Tomb:3   | Noticed a royal mummy
 76271 | Tomb:3   | Killed a royal mummy
 76277 | Tomb:3   | Killed a royal mummy
 76284 | Tomb:3   | Killed a royal mummy
 76296 | Tomb:3   | Killed a royal mummy
 76303 | Tomb:3   | Killed a royal mummy
 76333 | Tomb:3   | Found the +10 zealot's sword {holy, Zealotry, *Rage rN+
                  | EV+3}
 76349 | Tomb:3   | Identified the staff of Yeast {Contam Str+2 Int+6 Dex-3
                  | Earth}
 76814 | Depths:3 | Found a runed translucent gate.
 76815 | Depths:3 | Found a runed translucent gate.
 76819 | Depths:4 | Entered Level 4 of the Depths
 76936 | Depths:4 | Found a gate to the Realm of Zot.
 77030 | Zot:1    | Entered Level 1 of the Realm of Zot
 77063 | Zot:1    | Noticed an orb of fire
 77063 | Zot:1    | Gained mutation: You sometimes lose your temper in combat.
                  | [an orb of fire]
 77066 | Zot:1    | Killed an orb of fire
 77314 | Zot:3    | Noticed an orb of fire
 77318 | Zot:3    | Killed an orb of fire
 77407 | Zot:5    | Entered Level 5 of the Realm of Zot
 77464 | Zot:5    | Reached skill level 10 in Evocations
 77496 | Zot:5    | Noticed an orb of fire
 77499 | Zot:5    | Killed an orb of fire
 77533 | Zot:5    | Got the Orb of Zot
 77552 | Zot:5    | Noticed an ancient lich
 77555 | Zot:5    | Killed an ancient lich
 77791 | Depths:3 | Found a runed translucent gate.
 77793 | Depths:3 | Noticed Drazool's ghost (veteran TeHu)
 78260 | D:$      | Escaped with the Orb!

Illustrated notes

Levels and vault maps discovered:
D:1:      saegor_arrival_miasma, layout_rooms, minmay_misc_feat_rugged
D:2:      layout_basic, chequers_ecumenical_altar_simple_redux, uniq_robin
D:3:      minmay_chambers_of_threes, layout_rooms, cheibrodos_sewer_entry_bend,
          minmay_statues_item, st_stairs_1, minmay_fractal_squares_diagonal_5,
          uniq_ijyb, uniq_terence
D:4:      layout_cave_pools, okawaru_gym_becter, serial_shops,
          nicolae_shop_bloodbath_and_beyond, nicolae_titane
D:5:      cheibrodos_thug_alley, layout_basic, lemuel_doored_altar,
          minmay_temple_entry_statues_fountains, chequers_serial_rivers_large_a,
          nicolae_letterblocks [nicolae_letter_subblock,
          nicolae_letter_subblock, nicolae_letter_subblock,
          nicolae_letter_subblock, nicolae_letter_subblock,
          nicolae_letter_subblock, nicolae_letter_subblock,
          nicolae_letter_subblock, nicolae_letter_subblock,
          nicolae_letter_subblock, nicolae_letter_subblock,
          nicolae_letter_subblock, nicolae_letter_subblock,
          nicolae_letter_subblock, nicolae_letter_subblock,
          nicolae_letter_subblock, nicolae_letter_subblock,
          nicolae_letter_subblock, nicolae_letter_subblock,
          nicolae_letter_subblock, nicolae_letter_subblock,
          nicolae_letter_subblock, nicolae_letter_subblock,
          nicolae_letter_subblock, nicolae_letter_subblock], uniq_prince_ribbit1
D:6:      layout_basic, slow_altar_2, nemelex_xobeh_ov_fountains_minmay,
          hangedman_abyss_or_decor_passed, st_stairs_10,
          kennysheep_generic_room_5, uniq_duvessa
D:7:      layout_basic, nicolae_tso_swordbearing_angel
D:8:      layout_loops_ring, lemuel_coloured_pillars_altar,
          serial_co_window_serial, co_window_of_opportunity_a,
          co_window_of_opportunity_a, co_window_corner_a, co_window_paths_b,
          co_window_paths_a, co_window_of_opportunity_a, co_window_corner_a,
          co_window_broadway_b, co_window_broadway_b, co_window_broadway_a,
          co_window_corner_b, co_window_4corner_a, glass_columns_b,
          uniq_gastronok
D:9:      layout_rooms, uniq_maggie
D:10:     minmay_cut_squares, layout_basic, nicolae_uskayaw_dance_hall,
          erik_lair_orcish_takeover, hangedman_abyss_or_decor_stabs,
          kennysheep_nondescript
D:11:     layout_loops_ring, orc_0_dummy, minmay_protected_statue
D:12:     layout_cave_pools
D:13:     layout_irregular_city, uniq_sonja, uniq_maurice
D:14:     layout_rooms, david_vaults_3
D:15:     hangedman_depths_entry_try_elsewhere_first, layout_gridville,
          serial_shops, bzr_entry_water, ashenzari_altar_1, serial_bayou_pond_b
Temple:   eino_wide_crystal_templ
Lair:1:   layout_gridlike, minmay_shattered_shrine, uniq_erica
Lair:2:   layout_cave_pods, minmay_shoals_entry_lonely_mermaid,
          spider_nest_entry_webs, lemuel_old_faithful
Lair:3:   gammafunk_lair_enchanted_lake, layout_regular_city,
          serial_bayou_shore_a
Lair:4:   layout_loops_ring, slime_entry_1, lookout_lair_type,
          serial_bayou_pond_c, grunt_megastairs_4
Lair:5:   hangedman_lair_in_review, layout_cave_pods,
          hangedman_lair_caniforms_friends, grunt_megastairs_1
Shoals:1: layout_shoals
Shoals:2: layout_shoals
Shoals:3: layout_shoals, uniq_ilsuiw
Shoals:4: shoals_end_hangedman, layout_shoals, ebering_ghost_gozag,
          nicolae_shoals_seven_spires, uniq_roxanne
Spider:1: layout_spider_delve
Spider:2: layout_spider_delve
Spider:3: layout_cave_pods, uniq_agnes
Spider:4: spider_rune_water, ebering_ghost_inner_flame, nicolae_orb_island
Slime:1:  layout_caves, special_room [special_room_jelly],
          nicolae_slime_phagocytosis
Slime:2:  layout_caves
Slime:3:  cheibrodos_slime_lost_civilization_8, layout_caves
Slime:4:  layout_caves, dissolution_awaits
Slime:5
Orc:1:    layout_caves, basic_altar
Orc:2:    grunt_orc_cross, layout_caves
Vaults:1: nicolae_vaults_thirteen_compartments, hangedman_vaults_restitches,
          hangedman_vaults_pinch, v_misc_28, v_misc_14, hangedman_vaults_hat,
          vaults_room_pool, vaults_room_grid, vaults_room_semicircle,
          vaults_room_semicircle, vaults_room_hallway,
          ontoclasm_vaults_decontamination, nicolae_vaults_tetromino_T_2,
          vaults_dpeg_emergency_exit, layout_vaults_omnigrid, serial_shops, shop
Vaults:2: portal_desolation_entry_garden, nicolae_vaults_little_squares_2,
          hangedman_vaults_cutoff, v_alt_pattern_4, hangedman_vaults_stitches,
          nicolae_vaults_storage_closets_2, vaults_standard_mumra_lines,
          nicolae_vaults_circle_grid_b, nicolae_vaults_trapezoid_lopsided_3,
          layout_vaults_chaotic_city, serial_shops, shop_statue
Vaults:3: vaults_mumra_hex, vaults_room_large_hall, nicolae_vaults_wrenched,
          v_misc_25, v_misc_1, nicolae_vaults_know_your_exits,
          nicolae_vaults_diagonal_hallway_7, hangedman_vaults_capsules,
          vaults_room_grid, vaults_dpeg_ring, nicolae_vaults_storage_closets_1,
          layout_vaults_omnicross, minmay_crypt_entry_necro_gods, enter_trove_2
Vaults:4: v_misc_10, v_misc_5, vaults_mumra_chevron,
          hangedman_vaults_stretched_pinwheel, v_misc_1, v_misc_5, v_misc_16,
          nicolae_vaults_sesquioval_fish, nicolae_vaults_network_periphery,
          ontoclasm_vaults_gateway, layout_vaults_ring, serial_shops,
          nicolae_shop_tiny_glass
Vaults:5
Crypt:1:  layout_regular_city, minmay_misc_feat_pillars, uniq_zenata
Crypt:2:  minmay_skeleton_keep, layout_basic, roderic_lattice_octagonal_star
Crypt:3:  evilmike_haunted_forest
Tomb:1
Tomb:2
Tomb:3
Depths:1: layout_cave_pools, grunt_hell_entry_dis_old, minmay_misc_feat_chi,
          xom_confusion_cloud, minmay_shop_star, uniq_asterion
Depths:2: minmay_dotted_concentric_squares, layout_long_grid, hell_entry,
          hangedman_decor_riveting, rand_demon_pan_entry_9,
          infiniplex_staircase_squiggle, uniq_enchantress
Depths:3: minmay_blocking_statues, layout_cave_pools, enter_ziggurat_e,
          hell_entry, hangedman_abyss_entry_splay, gammafunk_ghost_ooze,
          rand_demon_pan_entry_4, fedhas_altar_3, grunt_decor_one_mirror,
          makhleb_altar_promises_db, infiniplex_staircase_zigzag_5,
          serial_bayou_shore_b
Depths:4: grunt_zot_entry_bicorn, layout_basic, minmay_misc_feat_tiny,
          lightli_too_deep, serial_shops, shop, shop, shop, shop,
          minmay_misc_feat_ornament, abandoned_shop, nicolae_shop_fire_sale
          [nicolae_sub_dead_trees]
Hell
Dis:1:    layout_gridville, glass_columns_b
Dis:2:    layout_subdivisions
Dis:3:    layout_regular_city, door_vault
Dis:4:    grunt_dis_stairs_iron_hall
Dis:5:    layout_subdivisions
Dis:6:    layout_gridville
Dis:7:    dis_hangedman
Geh:1:    layout_gehenna_lava_caves
Geh:2:    layout_gehenna_lava_caves, lemuel_hellish_altar
Geh:3:    layout_gehenna_pools_basic, hangedman_elemental_grid_stream
Geh:4:    layout_gehenna_pools_box
Geh:5:    layout_gehenna_lava_caves
Geh:6:    layout_gehenna_lava_caves
Geh:7:    geh_hangedman
Coc:1:    layout_ice_bergs
Coc:2:    layout_ice_bergs
Coc:3:    layout_cocytus_delve, serial_ice, serial_ice_e, serial_ice_a
Coc:4:    layout_ice_bergs
Coc:5:    layout_cocytus_water_paths
Coc:6:    nicolae_coc_hellspring, layout_ice_bergs
Coc:7:    coc_old
Tar:1:    layout_honeycomb, nicolae_tar_combstack
Tar:2:    layout_grid_maze, nicolae_hells_seeping_fissure
Tar:3:    layout_grid_maze
Tar:4:    layout_cathedral_of_symmetry
Tar:5:    layout_catacombs
Tar:6:    layout_grid_maze
Tar:7:    tar_mu [tar_mu_maze]
Zot:1:    layout_misc_corridors, uniq_josephina
Zot:2:    layout_cellular_growth
Zot:3:    layout_concentric_octagons, hangedman_zot_diagonal_lockstep,
          grunt_ministairs_2, st_stairs_8, st_large_dragon_hoard_1,
          lemuel_elevator
Zot:4:    gammafunk_its_a_trap, layout_twisted_circle
Zot:5:    layout_cellular_growth

Skill      XL: |  1  2  3  4  5  6  7  8  9 10 11 12 13 14 15 16 17 18 19 20 21 22 23 24 25 26 27 |
---------------+----------------------------------------------------------------------------------+-----
Unarmed Combat | 1 2 3 5 6 8 10 11 12 13 15 17 18 19 20 21 23 25 26 27 | 27.0
Summonings     | 1 2 3 4 |  4.1
Spellcasting   | 4 5 6 8 9 10 11 12 14 15 | 15.0
Fighting       | 3 6 9 11 14 15 16 21 25 26 27 | 27.0
Transmutations | 1 4 6 8 11 13 15 17 18 19 20 27 | 27.0
Earth Magic    | 2 5 6 |  6.9
Necromancy     | 3 7 11 13 | 13.0
Dodging        | 6 18 | 18.9
Armour         | 5 18 | 18.4
Evocations     | 10 | 10.0
Stealth        | |  1.4
Conjurations   | |  0.8
Translocations | |  0.8

Action                     |  1- 3 |  4- 6 |  7- 9 | 10-12 | 13-15 | 16-18 | 19-21 | 22-24 | 25-27 || total
---------------------------+-------+-------+-------+-------+-------+-------+-------+-------+-------++-------
  Melee: Unarmed           |    60 |    12 |    11 |   385 |   779 |   743 |   847 |  1039 |  3213 ||  7089
         Punch             |     1 |     3 |     2 |    36 |    86 |    73 |   112 |   161 |   624 ||  1098
         Club              |       |   124 |    41 |       |       |       |       |       |       ||   165
         Tailslap          |       |       |       |       |     3 |   118 |   139 |   196 |   433 ||   889
         Bite              |       |       |       |       |     1 |    77 |   111 |   149 |   323 ||   661
  Throw: Dart              |       |       |       |     8 |    14 |     1 |       |       |     1 ||    24
         Throwing net      |       |       |       |       |     6 |     2 |       |     1 |       ||     9
   Cast: Magic Dart        |    76 |    81 |     7 |     1 |     8 |       |       |       |       ||   173
         Call Imp          |       |    30 |    30 |    82 |    95 |       |       |       |       ||   237
         Call Canine Famil |       |    20 |    41 |    91 |   114 |       |       |       |       ||   266
         Summon Guardian G |       |       |    24 |    61 |   125 |       |       |       |       ||   210
         Blink             |       |       |     1 |       |       |       |       |       |       ||     1
         Mephitic Cloud    |       |       |       |       |     3 |     2 |       |       |       ||     5
         Statue Form       |       |       |       |       |    15 |     4 |       |       |       ||    19
         Dragon Form       |       |       |       |       |     1 |    78 |    52 |    52 |   152 ||   335
         Irradiate         |       |       |       |       |       |     4 |       |       |       ||     4
         Necromutation     |       |       |       |       |       |       |       |     1 |    16 ||    17
 Invoke: Potion Petition   |       |       |       |       |    10 |     1 |       |       |       ||    11
         Call Merchant     |       |       |       |       |       |     5 |     1 |       |       ||     6
         Serpent's Lash    |       |       |       |       |       |       |     6 |    13 |    41 ||    60
         Heavenly Storm    |       |       |       |       |       |       |     1 |     4 |    18 ||    23
Ability: Breathe Fire      |       |       |       |       |       |     8 |       |       |       ||     8
         End Transformatio |       |       |       |       |       |     2 |     2 |     2 |    55 ||    61
         Whirlwind         |       |       |       |       |       |       |   414 |   596 |  1498 ||  2508
         Lunge             |       |       |       |       |       |       |    86 |   105 |   420 ||   611
  Evoke: Wand              |       |       |     1 |     8 |    37 |     2 |       |       |    11 ||    59
         Lightning rod     |       |       |       |       |    13 |     4 |       |       |     1 ||    18
         Phantom mirror    |       |       |       |       |       |     1 |       |     1 |       ||     2
    Use: Scroll            |     1 |     8 |    11 |     9 |    15 |     7 |     2 |    10 |    35 ||    98
         Potion            |       |     2 |     4 |     9 |     3 |    14 |     1 |     8 |    27 ||    68
   Stab: Distracted        |       |     3 |     1 |     2 |    15 |     5 |     2 |     6 |     5 ||    39
         Sleeping          |       |     1 |       |       |     2 |     3 |     6 |     3 |    16 ||    31
         Petrified         |       |       |       |       |     1 |       |       |       |       ||     1
         Invisible         |       |       |       |       |       |     6 |       |     8 |       ||    14
         Confused          |       |       |       |       |       |     1 |       |       |       ||     1
 Armour: Robe              |    24 |    55 |    36 |       |       |       |       |       |       ||   115
         Steam dragon scal |       |       |       |   135 |   268 |     1 |       |       |       ||   404
         Skin              |       |       |       |       |   173 |   492 |   160 |   190 |   450 ||  1465
         Troll leather arm |       |       |       |       |       |       |       |     7 |   147 ||   154
  Dodge: Dodged            |    38 |   122 |    61 |   174 |   841 |   329 |   129 |   216 |   686 ||  2596
  Block: Other             |       |       |       |       |       |       |    62 |    80 |   255 ||   397
         Reflection        |       |       |       |       |       |       |     2 |     3 |     6 ||    11

Table legend: (Time is in decaauts)
 A = Elapsed time spent in this place.
 B = Non-inter-level travel time spent in this place.
 C = Inter-level travel time spent in this place.
 D = Time resting spent in this place.
 E = Time spent auto-exploring this place.
 F = Levels seen in this place.
 G = Mean time per level.
                   A        B        C        D        E       F      G
               +--------+--------+--------+--------+--------+-----+--------+
         Total |  78241 |  73023 |   5218 |   9361 |  39871 | 109 |  717.8 |
       Dungeon |  22205 |  19569 |   2636 |    529 |  14170 |  15 | 1480.3 |
        Temple |    121 |     92 |     29 |      0 |     69 |   1 |  121.0 |
          Lair |  14388 |  13752 |    636 |   1070 |   9735 |   5 | 2877.6 |
        Shoals |   4001 |   3844 |    157 |    387 |   2410 |   4 | 1000.2 |
   Spider Nest |   3742 |   3534 |    208 |    743 |   1524 |   4 |  935.5 |
    Slime Pits |   1208 |   1116 |     92 |    560 |      0 |   5 |  241.6 |
  Orcish Mines |   4126 |   4032 |     94 |   1291 |   1884 |   2 | 2063.0 |
        Vaults |   5979 |   5428 |    551 |    229 |   3776 |   5 | 1195.8 |
         Crypt |   3240 |   3022 |    218 |     68 |   2045 |   3 | 1080.0 |
          Tomb |   1530 |   1445 |     85 |    186 |    339 |   3 |  510.0 |
        Depths |   2908 |   2560 |    348 |    536 |   1357 |   4 |  727.0 |
          Hell |    316 |    283 |     33 |      0 |      0 |   1 |  316.0 |
           Dis |   2283 |   2283 |      0 |   1326 |      0 |   7 |  326.1 |
       Gehenna |   1275 |   1275 |      0 |    202 |      0 |   7 |  182.1 |
       Cocytus |   1542 |   1542 |      0 |    450 |     66 |   7 |  220.3 |
      Tartarus |   1172 |   1102 |     70 |    407 |      0 |   7 |  167.4 |
           Zot |    702 |    646 |     56 |    149 |      0 |   5 |  140.4 |
         Abyss |    957 |    957 |      0 |      0 |    287 |   4 |  239.2 |
   Pandemonium |   5516 |   5516 |      0 |   1225 |   1530 |  18 |  306.4 |
        Bazaar |    115 |    115 |      0 |      0 |     25 |   1 |  115.0 |
    Desolation |    906 |    906 |      0 |      0 |    653 |   1 |  906.0 |
               +--------+--------+--------+--------+--------+-----+--------+

Top non-repeatable levels by time:
  Lair:5: 5030 daAuts
  Lair:1: 2817 daAuts
  Lair:3: 2632 daAuts
     D:6: 2590 daAuts
    D:10: 2494 daAuts
   Orc:2: 2358 daAuts
  Lair:2: 2239 daAuts
Vaults:1: 1988 daAuts
Vaults:2: 1918 daAuts
     D:7: 1810 daAuts
    D:11: 1771 daAuts
   Orc:1: 1767 daAuts
     D:8: 1721 daAuts
  Lair:4: 1668 daAuts
     D:3: 1638 daAuts
